 Dungeon Crawl Stone Soup version 0.26.1-11-gd32895ea62 (webtiles) character file.

Game seed: 13255436343841833807

6749 H0rd4k the Martial Artist (level 11, 0/69 HPs)
             Began as an Octopode Transmuter on July 6, 2021.
             Was an Initiate of Gozag.
             Slain by Snorg (13 damage)
             ... on level 11 of the Dungeon.
             The game lasted 00:18:59 (11419 turns).

H0rd4k the Martial Artist (Octopode Transmuter)    Turns: 11419, Time: 00:19:00

Health: 0/69       AC:  2    Str: 10    XL:     11   Next: 4%
Magic:  9/22       EV: 16    Int: 24    God:    Gozag
Gold:   1823       SH:  0    Dex: 13    Spells: 15/24 levels left

rFire    . . .     SeeInvis .     - Unarmed
rCold    . . .     Faith    .   (shield currently unavailable)
rNeg     . . .     Spirit   .   v - +1 hat
rPois    +         Reflect  .   c - amulet of regeneration
rElec    .         Harm     .   w - +6 ring of intelligence
rCorr    .         Rampage  .   y - ring of poison resistance
Will     .....                  (no ring)
Stlth    +.........             (no ring)
HPRegen  0.61/turn              (no ring)
MPRegen  0.18/turn              (no ring)
                                (no ring)
                                (no ring)

@: mighty, about to teleport, blade tentacles, contaminated, glowing
A: almost no armour, stealthy swim, amphibious, 8 rings, constrict 8, camouflage
1, gelatinous body 1
a: End Transformation, Renounce Religion, Potion Petition, Call Merchant, Bribe
Branch


You were on level 11 of the Dungeon.
You worshipped Gozag.
Gozag was most pleased with you.
You had blades for tentacles.
You visited 1 branch of the dungeon, and saw 11 of its levels.

You collected 1913 gold pieces.
You spent 60 gold pieces at shops.
You paid 30 gold pieces to Gozag.

Inventory:

Missiles
 r - 43 poisoned darts
Armour
 v - a +1 hat (worn)
Magical Staves
 B - an uncursed staff of death
 C - an uncursed staff of fire
Jewellery
 c - an amulet of regeneration (around mantle)
 w - a +6 ring of intelligence (left scythe-like blade)
 y - a ring of poison resistance (right scythe-like blade)
Wands
 n - a wand of acid (7)
 p - a wand of flame (30)
 x - a wand of paralysis (10)
 D - a wand of iceblast (12)
 E - a wand of disintegration (15)
Scrolls
 d - 5 scrolls of amnesia
 e - 2 scrolls of identify
 g - 2 scrolls of remove curse
 i - a scroll of magic mapping
 j - 3 scrolls of fog
 l - 5 scrolls of teleportation
 u - a scroll of fear
 A - 2 scrolls of immolation
Potions
 a - 2 potions of haste {unknown}
 b - 3 potions of cancellation
 f - a potion of mutation
 m - 8 potions of curing
 q - 2 potions of berserk rage
 s - a potion of lignification
 t - 3 potions of brilliance
 F - a potion of flight {unknown}


   Skills:
 + Level 4.2 Fighting
 + Level 5.3 Dodging
 + Level 0.3 Stealth
 + Level 10.4 Unarmed Combat
 * Level 7.3 Spellcasting
 * Level 7.0 Transmutations
 * Level 1.3 Earth Magic
 + Level 5.3 Poison Magic


You had 15 spell levels left.
You knew the following spells:

 Your Spells              Type           Power        Failure   Level
a - Beastly Appendage     Tmut           84%          11%         1
b - Spider Form           Tmut/Pois      19%          19%         3
c - Blade Hands           Tmut           21%          47%         5

Your spell library contained the following spells:

 Spells                   Type           Power        Failure   Level
 Wereblood                Tmut           42%          12%         2
 Passwall                 Tmut/Erth      23%          21%         2
 Sandblast                Erth           30%          30%         1
 Petrify                  Tmut/Erth      28%          50%         4
 Stone Arrow              Conj/Erth      22%          56%         3
 Ice Form                 Ice/Tmut       25%          56%         4
 Irradiate                Conj/Tmut      12%          82%         5
 Hydra Form               Tmut           21%          87%         6
 Lee's Rapid Deconstruct  Erth           7%           97%         5
 Statue Form              Tmut/Erth      18%          99%         6
 Dragon Form              Tmut           21%          100%        7


Dungeon Overview and Level Annotations

Branches:
Dungeon (11/15)            Temple (0/1) D:4            Lair (0/6) D:10
    Orc: D:9-12

Altars:
Ashenzari
Dithmenos
Fedhas
Gozag
Kikubaaqudgha
Nemelex Xobeh
Okawaru
Ru
Trog
Wu Jian
Yredelemnul
The Shining One

Shops:
D:4 !

Annotations:
D:1 exclusion: downstairs
D:4 2 transporters, exclusion: downstairs, swarr's ghost, amateur GrFi
D:9 exclusion: downstairs
D:11 Snorg


Innate Abilities, Weirdness & Mutations

You cannot wear most types of armour.
You are very stealthy in the water. (Stealth+)
You are amphibious.
You can wear up to eight rings at the same time.
You can use your tentacles to constrict eight enemies at once.
Your skin changes colour to match your surroundings (Stealth+).
Your rubbery body absorbs attacks. (AC +1, EV +1)


Message History

Aiming: Paralyse
Press: ? - help, Shift-Dir - straight line, f - Snorg
Aim: Snorg (lightly wounded, fleeing, chance to affect: 15%)
Your attack snaps Snorg out of her fear.
Snorg resists with almost no effort.
As you read the scroll of fear, it crumbles to dust.
You assume a fearsome visage.
Snorg easily resists.
Snorg completely misses you. Snorg claws you!
* * * LOW HITPOINT WARNING * * *
Snorg misses you.
Okay, then.
Snorg goes berserk!
As you read the scroll of teleportation, it crumbles to dust.
You feel strangely unstable.
As you read the scroll labelled REOFEBOSTU, it crumbles to dust.
It is a scroll of enchant weapon.
You aren't carrying any weapons that can be enchanted.
Snorg bites you!
You die...
Your body crumbles into a pile of gold.

#####'### #.# #.# #.# #.# ##+
##.### .... #..... .....
######################.....
......#....[...T@........>.......
....!.'.####################.....
......### ###### ..... <... ###


You could see Snorg (berserk).

Vanquished Creatures
  A two-headed ogre (D:9)
  Pikel (D:4)
  2 trolls
  Prince Ribbit (D:8)
  Sigmund (D:2)
  A wraith (D:8)
  6 yaks (D:9)
  Duvessa (D:4)
  3 orc warriors
  6 ice beasts
  2 phantoms
  A sky beast (D:8)
  3 ogres
  3 lemures (D:4)
  5 centaurs
  A big kobold (D:10)
  3 bullfrogs
  Dowan (D:4)
  A troll zombie (D:8)
  2 scorpions
  5 killer bees (D:10)
  4 wights
  A centaur zombie (D:10)
  4 human zombies (D:8)
  8 orc wizards
  8 hounds
  2 jellies
  2 iguanas (D:8)
  4 worker ants
  2 hound skeletons
  4 mummies (D:8)
  A worker ant zombie (D:7)
  12 adders
  A shadow imp (D:5)
  3 white imps
  An ufetubus (D:8)
  An ooze (D:2)
  An adder zombie (D:6)
  3 dart slugs (D:2)
  6 worms
  7 leopard geckos
  19 orcs
  5 giant cockroaches
  4 goblins
  11 hobgoblins
  16 jackals
  10 kobolds
  4 quokkas
  A ball python (D:4)
  3 bats
  5 frilled lizards
  An orc zombie (D:8)
  2 quokka skeletons
  8 rats
214 creatures vanquished.

Vanquished Creatures (others)
  11 plants
  3 withered plants (D:8)
14 creatures vanquished.

Grand Total: 228 creatures vanquished

Notes
Turn   | Place    | Note
-------+----------+-------------------------------------------
     0 | D:1      | H0rd4k the Octopode Transmuter began the quest for the Orb.
     0 | D:1      | Reached XP level 1. HP: 13/13 MP: 3/3
    49 | D:1      | Reached XP level 2. HP: 2/18 MP: 5/5
   863 | D:1      | Reached XP level 3. HP: 23/23 MP: 6/6
   867 | D:1      | Learned a level 3 spell: Spider Form
  1429 | D:2      | Noticed Sigmund
  1585 | D:2      | Found a faded altar of an unknown god.
  1738 | D:2      | Found an opulent altar of Gozag.
  1765 | D:2      | Became a worshipper of Gozag Ym Sagoz the Greedy
  1821 | D:2      | Reached XP level 4. HP: 24/28 MP: 7/7
  1873 | D:2      | Found an iron altar of Okawaru.
  1915 | D:2      | Reached skill level 4 in Unarmed Combat
  2269 | D:2      | Found a shadowy altar of Dithmenos.
  2269 | D:2      | Found a bloodstained altar of Trog.
  2340 | D:2      | Found a glowing golden altar of the Shining One.
  2361 | D:2      | Found a sacrificial altar of Ru.
  2765 | D:3      | Reached skill level 1 in Poison Magic
  2841 | D:3      | Found an ornate altar of the Wu Jian Council.
  2862 | D:3      | Reached XP level 5. HP: 19/33 MP: 5/9
  3472 | D:4      | Found a staircase to the Ecumenical Temple.
  3535 | D:4      | Found a transporter.
  3805 | D:4      | Found Catil's Distillery.
  3810 | D:4      | Bought a potion of heal wounds for 60 gold pieces
  3842 | D:4      | Noticed a lemure
  3863 | D:4      | Killed a lemure
  3893 | D:4      | Noticed a lemure
  3893 | D:4      | Noticed a lemure
  3920 | D:4      | Killed a lemure
  4004 | D:4      | Reached XP level 6. HP: 32/38 MP: 3/10
  4105 | D:4      | Noticed Duvessa
  4105 | D:4      | Noticed Dowan
  4128 | D:4      | Killed Duvessa
  4129 | D:4      | Reached skill level 5 in Unarmed Combat
  4139 | D:4      | Killed Dowan
  4284 | D:4      | Found a blossoming altar of Fedhas.
  4332 | D:4      | Reached XP level 7. HP: 31/44 MP: 5/12
  4396 | D:4      | Found a transporter.
  4396 | D:4      | Noticed swarr's ghost (amateur GrFi)
  4724 | D:4      | Noticed Pikel
  4741 | D:4      | Killed Pikel
  4742 | D:4      | Reached XP level 8. HP: 39/50 MP: 8/14
  5812 | D:2      | Killed Sigmund
  5813 | D:2      | Reached skill level 6 in Unarmed Combat
  5914 | D:5      | Entered Level 5 of the Dungeon
  6146 | D:5      | Noticed a troll
  6167 | D:5      | Killed a troll
  6168 | D:5      | Reached skill level 5 in Spellcasting
  6168 | D:5      | Reached skill level 5 in Transmutations
  6350 | D:5      | Reached skill level 7 in Unarmed Combat
  6385 | D:5      | Reached XP level 9. HP: 36/55 MP: 13/16
  7053 | D:6      | Learned a level 5 spell: Blade Hands
  7411 | D:7      | Noticed a troll
  7426 | D:7      | Killed a troll
  7710 | D:7      | Reached skill level 8 in Unarmed Combat
  8335 | D:8      | Found a sparkling altar of Nemelex Xobeh.
  8517 | D:8      | Found a basalt altar of Yredelemnul.
  8533 | D:8      | Noticed Prince Ribbit
  8549 | D:8      | Killed Prince Ribbit
  8695 | D:8      | Found an ancient bone altar of Kikubaaqudgha.
  8699 | D:8      | Found a blossoming altar of Fedhas.
  8785 | D:8      | Reached XP level 10. HP: 63/63 MP: 15/19
  8918 | D:8      | Reached skill level 5 in Poison Magic
  8963 | D:8      | Reached skill level 9 in Unarmed Combat
  9550 | D:8      | Found a basalt altar of Yredelemnul.
  9745 | D:9      | Reached skill level 5 in Dodging
 10063 | D:9      | Noticed a two-headed ogre
 10081 | D:9      | Killed a two-headed ogre
 10082 | D:9      | Reached skill level 10 in Unarmed Combat
 10298 | D:9      | Found a broken altar of Ashenzari.
 10537 | D:10     | Entered Level 10 of the Dungeon
 10716 | D:10     | Found a staircase to the Lair.
 10936 | D:10     | Reached skill level 1 in Earth Magic
 10947 | D:10     | Reached XP level 11. HP: 68/69 MP: 17/21
 11399 | D:11     | Noticed Snorg
 11419 | D:11     | Slain by Snorg

Illustrated notes

Levels and vault maps discovered:
D:1:      dpeg_arrival_round_a, layout_basic
D:2:      layout_loops_corners, old_standard_altar,
          nicolae_overflow_hidden_temple, lemuel_doored_altar,
          chequers_ecumenical_altar_simple_redux, kennysheep_generic_room_6,
          uniq_sigmund
D:3:      layout_basic, lemuel_round_altar
D:4:      layout_layer_cave, minmay_temple_entry_ruins,
          gammafunk_ghost_mausoleum, serial_shops, kennysheep_little_box,
          fedhas_altar_2, uniq_pikel, uniq_duvessa
D:5:      layout_loops_ring
D:6:      layout_rooms
D:7:      layout_basic
D:8:      layout_cave_pools, grunt_temple_overflow_growth_and_decay,
          lemuel_mausoleum_altar_yredelemnul, basic_altar, serial_column_ruins,
          column_ruins_temple_circle, column_ruins_hut_ruined,
          column_ruins_grid_1, column_ruins_columns_straight,
          column_ruins_columns_straight, column_ruins_corridor_straight,
          column_ruins_columns_T, column_ruins_open_small_water,
          column_ruins_columns_straight, uniq_prince_ribbit1
D:9:      layout_basic, ashenzari_altar_1
D:10:     layout_rooms, dpeg_oklobed_lair
D:11:     layout_roguey, special_room [special_room_orc], uniq_snorg,
          uniq_maurice, uniq_urug

Skill      XL: |  1  2  3  4  5  6  7  8  9 10 |
---------------+-------------------------------+-----
Unarmed Combat | 4 5 7 8 10 | 10.4
Poison Magic   | 1 2 3 4 5 |  5.3
Dodging        | 3 4 5 |  5.3
Spellcasting   | 3 4 5 6 7 |  7.3
Transmutations | 3 4 5 6 7 |  7.0
Fighting       | 2 3 4 |  4.2
Earth Magic    | 1 |  1.3
Stealth        | |  0.3

Action                   |  1- 3 |  4- 6 |  7- 9 | 10-12 || total
-------------------------+-------+-------+-------+-------++-------
Melee: Unarmed           |   105 |   133 |   237 |   234 ||   709
       Constrict         |    27 |    21 |    20 |    20 ||    88
       Tentacles         |    12 |    21 |    14 |    29 ||    76
       Punch             |       |     1 |     5 |     9 ||    15
       Kick              |       |     1 |       |       ||     1
 Cast: Spider Form       |       |    10 |    24 |    11 ||    45
       Beastly Appendage |       |     1 |       |     1 ||     2
       Blade Hands       |       |       |     1 |     7 ||     8
Evoke: Wand              |       |       |       |     1 ||     1
  Use: Scroll            |       |       |    11 |    10 ||    21
       Potion            |       |       |       |     3 ||     3
 Stab: Sleeping          |     2 |     4 |     6 |     6 ||    18
       Distracted        |       |       |     1 |     1 ||     2
Armor: Skin              |     3 |     2 |     5 |     3 ||    13
Dodge: Dodged            |    62 |    81 |   184 |   155 ||   482
